 Dungeon Crawl Stone Soup version 0.26-a0-958-gf3041fb45f (webtiles) character file.

Game seed: 17029437681966741378

94 iamoutofideas the Magician (level 4, -1/24 HPs)
             Began as a Deep Elf Fire Elementalist on Nov 30, 2020.
             Slain by an orc
             ... wielding a +0 hand axe
              (10 damage)
             ... on level 3 of the Dungeon.
             The game lasted 00:02:05 (2461 turns).

iamoutofideas the Magician (DEFE)                   Turns: 2461, Time: 00:02:06

Health: -1/24      AC:  3    Str:  5    XL:     4   Next: 38%
Magic:  5/12       EV: 13    Int: 21    God:
Gold:   80         SH:  5    Dex: 15    Spells: 11/12 levels left

rFire    . . .     SeeInvis .   (no weapon)
rCold    . . .     Faith    .   (no shield)
rNeg     . . .     Spirit   .   e - +0 robe (curse)
rPois    .         Reflect  +   (no helmet)
rElec    .         Harm     .   f - +0 cloak
rCorr    .         Rampage  .   (no gloves)
MR       .....                  (no boots)
Stlth    ++........             h - amulet of reflection
HPRegen  0.08/turn              (no ring)
MPRegen  0.13/turn              (no ring)

@: no status effects
A: no striking features
a: no special abilities


You were on level 3 of the Dungeon.
You visited 1 branch of the dungeon, and saw 3 of its levels.

You collected 80 gold pieces.

Inventory:

Armour
 a - a +0 robe
 e - a cursed +0 robe (worn)
 f - a +0 cloak (worn)
Jewellery
 h - an amulet of reflection (around neck)
Scrolls
 c - a scroll of immolation {unknown}
 d - 4 scrolls of identify {unknown}
 g - 2 scrolls of amnesia {unknown}
 j - a scroll of magic mapping {unknown}
 k - 2 scrolls of teleportation {unknown}
 l - a scroll of random uselessness {unknown}
Potions
 i - a potion of resistance {unknown}


   Skills:
 - Level 2.6 Dodging
 - Level 2.6 Stealth
 * Level 4.7 Spellcasting
 + Level 2.0 Conjurations
 + Level 4.3 Fire Magic


You had 11 spell levels left.
You knew the following spells:

 Your Spells              Type           Power        Failure   Level
a - Foxfire               Conj/Fire      ###.         3%          1

Your spell library contained the following spells:

 Spells                   Type           Power        Failure   Level
 Conjure Flame            Conj/Fire      ###.....     9%          3
 Inner Flame              Hex/Fire       ##......     14%         3
 Sticky Flame             Conj/Fire      ###.....     30%         4
 Fireball                 Conj/Fire      ###.......   63%         5


Dungeon Overview and Level Annotations

Branches:
Dungeon (3/15)

Altars:
Okawaru


Message History

Your foxfire dissipates!
The foxfire hits the orc.
You kill the orc!
Casting: Foxfire (safe; 3% risk of failure)
Confirm with . or Enter, or press ? or * to list all spells.
You conjure some foxfire!
The orc priest misses you.
Your foxfire dissipates!
The foxfire hits the orc priest.
The orc priest is almost dead.
Casting: Foxfire (safe; 3% risk of failure)
Confirm with . or Enter, or press ? or * to list all spells.
You conjure some foxfire!
You block the orc priest's attack.
Your foxfire dissipates!
The foxfire hits the orc!
The orc is almost dead.
Casting: Foxfire (safe; 3% risk of failure)
Confirm with . or Enter, or press ? or * to list all spells.
You conjure some foxfire!
The orc priest barely misses you. The orc hits you with a +0 hand axe!
You die...

### #....).# ....#†.)...#
......).†..# ##..#....[.#
###### ....#......#
#....# .. ###
#.....)######....#...
#......#.........#..#
#.###..#...v.o...#..# #.#
##.#....@oo..#..#
#.####.......v......#
#..........)..o..#.######
.........................
#......#.####.###..#####
#.............# #).#
##.....#.###### #..#
#.....#.. ...# #........
##.##


You could see an orc priest and 3 orcs.

Vanquished Creatures
  Jessica (D:3)
  2 oozes
  A worm (D:2)
  A dart slug (D:2)
  4 leopard geckos
  An orc (D:3)
  2 giant cockroaches (D:2)
  9 goblins
  6 hobgoblins
  2 ball pythons
  8 bats
  3 frilled lizards
  4 kobolds
  4 rats
48 creatures vanquished.

Vanquished Creatures (others)
  200 foxfires
200 creatures vanquished.

Grand Total: 248 creatures vanquished

Notes
Turn   | Place    | Note
-------+----------+-------------------------------------------
     0 | D:1      | iamoutofideas the Deep Elf Fire Elementalist began the
                  | quest for the Orb.
     0 | D:1      | Reached XP level 1. HP: 10/10 MP: 6/6
   363 | D:1      | Reached XP level 2. HP: 15/15 MP: 1/8
  1205 | D:2      | Reached XP level 3. HP: 19/19 MP: 6/10
  1802 | D:2      | Found an iron altar of Okawaru.
  2275 | D:3      | Noticed Jessica
  2280 | D:3      | Killed Jessica
  2281 | D:3      | Reached XP level 4. HP: 24/24 MP: 7/12
  2447 | D:3      | HP: 1/24 [orc priest/+0 dagger (1)]
  2461 | D:3      | Slain by an orc

Illustrated notes

Levels and vault maps discovered:
D:1:      lemuel_arrival_hallway, layout_rooms
D:2:      layout_basic, kennysheep_okawaru_gauntlet
D:3:      layout_basic, lemuel_statue_altar, uniq_jessica

Skill      XL: |  1  2  3 |
---------------+----------+-----
Fire Magic     | 4 |  4.3
Spellcasting   | 4 |  4.7
Conjurations   | 2 |  2.0
Dodging        | |  2.6
Stealth        | |  2.6

Action                   |  1- 3 |  4- 6 || total
-------------------------+-------+-------++-------
Melee: Unarmed           |     9 |     7 ||    16
 Cast: Foxfire           |   118 |    21 ||   139
  Use: Potion            |       |     2 ||     2
Armor: Robe              |     8 |     2 ||    10
Dodge: Dodged            |    16 |    16 ||    32
Block: Other             |     4 |     5 ||     9

Table legend: (Time is in decaauts)
 A = Elapsed time spent in this place.
 B = Non-inter-level travel time spent in this place.
 C = Inter-level travel time spent in this place.
 D = Time resting spent in this place.
 E = Time spent auto-exploring this place.
 F = Levels seen in this place.
 G = Mean time per level.
                   A        B        C        D        E       F      G
               +--------+--------+--------+--------+--------+-----+--------+
         Total |   2460 |   2440 |     20 |    186 |   1924 |   3 |  820.0 |
       Dungeon |   2460 |   2440 |     20 |    186 |   1924 |   3 |  820.0 |
               +--------+--------+--------+--------+--------+-----+--------+

Top non-repeatable levels by time:
     D:2: 1329 daAuts
     D:1: 939 daAuts
     D:3: 191 daAuts
